AoeStats
← iAlejandrouae

MegaRandom

506600676Analyzed
4v4 RM · 19d ago on Sep 14, 2026· 48m 31s· 8 players
Game mode
Random Map
Map size
Large (8 player)
Population
200
Speed
Normal
Resources
Standard
Victory
Conquest
Starting age
Dark Age
Ending age
Imperial Age
RankedLock teamsTeams togetherTeam positionsShared explorationLock speedFull tech treeHidden civsTurbo modeCheats
Victory
Defeat
🇮🇱 Mongols · Israel
1414
+18
🇹🇼 Lithuanians · Taiwan
1412
+18
🇹🇼 Wei · Taiwan
1403
+18
🇹🇼 Magyars · Taiwan
1363
+19
🇦🇷 Muisca · Argentina
1580
-24
🇬🇧 Huns · United Kingdom
1472
-19
🇦🇺 Khitans · Australia
1377
-15
🇨🇴 Persians · Colombia
1368
-15
murphykuang0205
8:18 Loom
10:34 Feudal Age
9:07 Loom
10:52 Feudal Age
15:02 Castle Age
13:03 Double-Bit Axe
16:52 Horse Collar
18:45 Fervor
20:58 Town Watch
23:38 Wheelbarrow
24:13 Stone Mining
24:38 Fletching
24:51 Gold Mining
25:27 Bodkin Arrow
26:48 Padded Archer Armor
26:24 Elite Skirmisher
27:25 Bow Saw
28:09 Leather Archer Armor
28:01 Scale Barding Armor
28:06 Forging
29:05 Husbandry
29:15 Bloodlines
29:46 Chain Barding Armor
30:15 Stone Shaft Mining
32:57 Iron Casting
33:04 Hand Cart
36:02 Imperial Age
34:26 Ballistics
35:32 Hill Forts
36:03 Cavalier
37:20 Plate Barding Armor
37:51 Paladin
40:11 Bracer
42:49 Conscription
43:05 Leather Archer Armor
44:00 Chemistry
44:52 Ring Archer Armor
Wavelogic
8:33 Feudal Age
8:14 Loom
9:45 Double-Bit Axe
9:45 Horse Collar
12:36 Horse Collar
20:22 Castle Age
18:40 Gold Mining
19:18 Bloodlines
21:13 Bow Saw
21:16 Fletching
21:19 Town Watch
26:54 Bodkin Arrow
28:20 Ballistics
28:19 Padded Archer Armor
28:49 Husbandry
31:09 Wheelbarrow
33:37 Leather Archer Armor
36:25 Hand Cart
40:55 Imperial Age
39:09 Caravan
40:58 Elite Mangudai
41:41 Bracer
43:00 Chemistry
42:54 Conscription
42:01 Capped Ram
43:43 Hoardings
44:04 Drill
43:33 Siege Ram
46:19 Masonry
46:18 Light Cavalry
47:43 Gold Shaft Mining
47:33 Scale Barding Armor
47:39 Forging
47:53 Onager
yoooo147
7:23 Loom
9:41 Feudal Age
10:22 Double-Bit Axe
10:48 Horse Collar
19:02 Castle Age
18:14 Gold Mining
18:41 Fletching
19:50 Bodkin Arrow
20:11 Bloodlines
21:49 Wheelbarrow
21:40 Bow Saw
22:33 Padded Archer Armor
23:39 Husbandry
25:47 Stone Mining
27:11 Hand Cart
29:56 Ballistics
31:39 Gold Shaft Mining
31:54 Town Watch
34:55 Imperial Age
33:46 Thumb Ring
35:03 Leather Archer Armor
35:47 Bracer
36:18 Ring Archer Armor
36:15 Parthian Tactics
37:40 Chemistry
37:59 Scale Barding Armor
38:05 Forging
38:23 Conscription
38:31 Ming Guang Armor
38:46 Treadmill Crane
39:02 Murder Holes
39:18 Masonry
39:29 Light Cavalry
41:07 Hussar
46:20 Heavy Plow
48:13 Chain Barding Armor
48:29 Iron Casting
MAVERICK
6:31 Loom
9:01 Feudal Age
9:53 Double-Bit Axe
19:58 Castle Age
18:48 Bloodlines
20:02 Scale Barding Armor
21:19 Horse Collar
25:48 Wheelbarrow
24:59 Town Watch
29:05 Bow Saw
29:34 Husbandry
30:23 Chain Barding Armor
34:10 Gold Mining
37:59 Heavy Plow
41:54 Imperial Age
40:50 Hand Cart
42:08 Cavalier
43:54 Gold Shaft Mining
43:11 Stone Mining
44:48 Plate Barding Armor
44:20 Paladin
47:35 Crop Rotation
48:09 Two-Man Saw
[LGP] Shiroo
6:01 Loom
9:15 Feudal Age
10:57 Horse Collar
11:02 Double-Bit Axe
16:55 Forging
21:48 Castle Age
20:16 Scale Barding Armor
22:37 Chain Barding Armor
25:02 Bloodlines
25:31 Husbandry
27:50 Heavy Plow
33:49 Imperial Age
32:39 Iron Casting
32:51 Wheelbarrow
32:26 Bow Saw
34:40 Plate Barding Armor
33:27 Cavalier
34:29 Conscription
33:56 Town Watch
34:27 Hand Cart
34:20 Gold Mining
35:01 Crop Rotation
38:01 Savar
39:46 Two-Man Saw
44:17 Gold Shaft Mining
45:33 Blast Furnace
44:46 Heavy Camel Rider
47:40 Light Cavalry
Cra1G
7:23 Loom
9:31 Feudal Age
10:12 Double-Bit Axe
17:13 Castle Age
17:14 Fletching
17:58 Bodkin Arrow
18:00 Gold Mining
18:25 Bow Saw
21:42 Padded Archer Armor
21:37 Gold Mining
22:51 Wheelbarrow
22:58 Husbandry
22:58 Horse Collar
29:30 Hand Cart
29:51 Heavy Plow
30:56 Bloodlines
31:30 Ballistics
31:50 Thumb Ring
36:40 Imperial Age
35:03 Leather Archer Armor
37:22 Bracer
38:26 Chemistry
37:54 Parthian Tactics
38:18 Heavy Cavalry Archer
39:56 Town Watch
41:17 Two-Man Saw
44:06 Conscription
45:02 Masonry
iAlejandrouae
10:41 Feudal Age
14:59 Castle Age
13:19 Horse Collar
13:49 Loom
15:50 Double-Bit Axe
21:50 Fletching
22:42 Crossbowman
25:16 Padded Archer Armor
25:14 Bodkin Arrow
25:46 Bow Saw
27:09 Ballistics
27:18 Gold Mining
28:22 Wheelbarrow
30:57 Imperial Age
29:12 Scale Mail Armor
29:23 Forging
29:45 Squires
29:53 Heavy Plow
31:40 Chain Mail Armor
32:00 Iron Casting
32:57 Elite Temple Guard
35:41 Two-Man Saw
35:16 Crop Rotation
35:30 Elite Temple Guard
36:45 Plate Mail Armor
37:55 Elite Skirmisher
41:55 Padded Archer Armor
43:15 Chemistry
42:16 Bracer
43:17 Thumb Ring
44:14 Leather Archer Armor
45:17 Conscription
Damir
10:49 Feudal Age
16:06 Castle Age
14:54 Double-Bit Axe
16:19 Gold Mining
16:37 Fletching
18:43 Loom
23:02 Bodkin Arrow
23:59 Wheelbarrow
24:28 Padded Archer Armor
25:33 Leather Archer Armor
25:59 Husbandry
26:19 Domestication
28:00 Thumb Ring
28:34 Town Watch
29:14 Heavy Cavalry Archer
31:30 Ballistics
31:44 Forging
32:21 Bow Saw
39:07 Hand Cart
40:41 Caravan
44:17 Imperial Age
44:11 Iron Casting
43:41 Scale Barding Armor
44:45 Heavy Camel Rider
46:04 Chain Barding Armor
46:58 Treadmill Crane
48:26 Plate Barding Armor
Connection lost

Rejoining the realm…

Still unreachable

The connection could not be restored.

Session expired

The server has moved on; the page needs a fresh start.